[Event "Team 45 45 League T59"]
[Site "Internet Chess Club"]
[Date "2013.11.23"]
[Round "1"]
[White "fishhead"]
[Black "FourKnights"]
[Result "0-1"]
[WhiteElo "1832"]
[BlackElo "1822"]
[Opening "Sicilian: Najdorf, 7...Be7"]
[ECO "B98"]
[Time "13:03:40"]
[TimeControl "2700+45"]

1. e4 c5 2. Nf3 d6 3. d4 cxd4 4. Nxd4 Nf6 5. Nc3 a6 6. Bg5 e6 7. f4 Be7 8. Qf3
h6 9. Bxf6 Bxf6 10. O-O-O Qc7 11. Ndb5 axb5 12. Nxb5 Qc5 13. Nxd6+ Ke7 14. e5
Rxa2 15. Rd3 Ra1+ 16. Kd2 Qb4+ 17. Rc3 Rd8 18. Ke2 Nc6 19. Nxc8+ Rxc8 20. exf6+
gxf6 21. Kf2 Qxb2 22. Qe3 Qb4 23. Rb3 Qd6 24. Rxb7+ Rc7 25. Rxc7+ Qxc7 26. f5
Ne5 27. Qd2 Qc5+ 28. Kg3 Qd6 29. Qxh6 Nd3+ 30. Kf3 Ne1+ 31. Kg4 Nxc2 32. Kh3 Qe5
33. fxe6 Qf5+ 34. Kg3 Ra3+ 35. Kh4 Ra4+ 36. Kg3 Rg4+ {White forfeits on time}
0-1

[Event "Team 45 45 League T59"]
[Site "Internet Chess Club"]
[Date "2013.11.23"]
[Round "1"]
[White "amicusUK"]
[Black "justice02"]
[Result "0-1"]
[WhiteElo "1675"]
[BlackElo "1821"]
[Opening "Dutch"]
[ECO "A80"]
[Time "15:00:41"]
[TimeControl "2700+45"]

1. d4 f5 2. Nc3 g6 3. Nf3 Nf6 4. Bg5 Bg7 5. Bxf6 exf6 6. e3 d5 7. g3 c6 8. Ne2
Qd6 9. c3 O-O 10. Bg2 Nd7 11. Nd2 Re8 12. c4 dxc4 13. O-O Nb6 14. Qc2 Be6 15. a4
a5 16. b3 cxb3 17. Nxb3 Bf7 18. Nc5 Qc7 19. Rfb1 Ra7 20. Rb2 Nc4 21. Rbb1 Bf8
22. Qc3 b6 23. Nd3 Bd6 24. Nb2 Bb4 25. Qd3 b5 26. Nc3 Nxb2 27. Rxb2 Bc4 28. Qc2
Qd6 29. axb5 cxb5 30. Bd5+ Bxd5 31. Nxd5 Qxd5 32. Rxb4 axb4 33. Rxa7 Qc4 34. Qe4
{White resigns} 0-1

[Event "Team 45 45 League T59"]
[Site "Internet Chess Club"]
[Date "2013.11.24"]
[Round "1"]
[White "bondguy01"]
[Black "koni"]
[Result "1/2-1/2"]
[WhiteElo "1748"]
[BlackElo "1899"]
[Opening "Old Indian defense"]
[ECO "A42"]
[Time "11:00:44"]
[TimeControl "2700+45"]

1. d4 d6 2. c4 e5 3. d5 f5 4. e4 fxe4 5. Nc3 Nf6 6. Nge2 Bf5 7. Ng3 Bg6 8. Bg5
Be7 9. Bxf6 gxf6 10. h4 Qd7 11. f3 exf3 12. gxf3 f5 13. h5 Bf7 14. Bd3 e4 15.
fxe4 f4 16. Nf5 Bf6 17. Qb3 b6 18. O-O-O Na6 19. Qb5 Nc5 20. Qxd7+ Kxd7 21. Kc2
a5 22. Nh6 Raf8 23. Rdf1 Bg5 24. Nf5 h6 25. Ne2 Re8 26. Nxf4 Nxe4 27. Ng7 Ng3
28. Nxe8 Nxh1 29. Rxh1 Rxe8 30. Bf5+ Kd8 31. Ne6+ Bxe6 32. Bxe6 Rf8 33. Rh2 Rf1
34. Kd3 Rf3+ 35. Kc2 Rf4 36. b3 a4 37. Kb2 Bf6+ 38. Ka3 axb3 39. axb3 Rf1 40.
Kb4 Ra1 41. Kb5 Ra3 42. Rh3 Ra5+ {Game drawn by mutual agreement} 1/2-1/2

[Event "Team 45 45 League T59"]
[Site "Internet Chess Club"]
[Date "2013.12.01"]
[Round "1"]
[White "hewdondada"]
[Black "beitmery"]
[Result "1/2-1/2"]
[WhiteElo "1698"]
[BlackElo "1651"]
[Opening "Trompowsky attack (Ruth, Opocenský opening)"]
[ECO "A45"]
[Time "13:02:48"]
[TimeControl "2700+45"]

1. d4 Nf6 2. Bg5 e6 3. e4 Be7 4. Nd2 d5 5. e5 Nfd7 6. Bxe7 Qxe7 7. Bd3 c5 8. c3
Nc6 9. Ne2 cxd4 10. cxd4 Qb4 11. Qb3 Qxb3 12. Nxb3 O-O 13. a3 a5 14. Rc1 a4 15.
Nc5 Nxc5 16. Rxc5 Bd7 17. O-O Na5 18. f4 Nb3 19. Rc3 Rfc8 20. Kf2 Rxc3 21. bxc3
Rc8 22. Ke3 Na5 23. Rb1 b5 24. Bxb5 Bxb5 25. Rxb5 Nc4+ 26. Kd3 Nxa3 27. Ra5 Nc4
28. Rb5 a3 29. Nc1 g6 30. Na2 h5 31. g3 Kg7 32. Rb7 Ra8 33. Rb4 Ra6 34. Rb3 Rb6
35. Rb4 Rxb4 36. Nxb4 Kf8 37. Kc2 Ne3+ 38. Kb3 Nf1 39. Na2 Nxh2 40. Nc1 Nf1 41.
Ne2 a2 42. Kxa2 Ke7 43. Ka3 Kd7 44. Kb4 Kc6 45. Ka4 Nd2 46. Ka5 Kb7 47. Kb5 Nc4
48. Ng1 Nd2 49. Ne2 Ne4 50. c4 dxc4 51. Kxc4 Kc6 52. Kd3 Kd5 53. Ke3 f5 54. exf6
Nxf6 55. Nc3+ Kc4 56. Ne2 Kd5 57. Nc3+ Kc4 58. Ne2 Ng4+ 59. Ke4 {Game drawn by
mutual agreement} 1/2-1/2

[Event "Team 45 45 League T59"]
[Site "Internet Chess Club"]
[Date "2013.11.25"]
[Round "1"]
[White "vigneshv"]
[Black "Lumumba"]
[Result "0-1"]
[WhiteElo "1653"]
[BlackElo "1585"]
[Opening "QGD: semi-Slav, Marshall gambit"]
[ECO "D31"]
[Time "12:56:33"]
[TimeControl "2700+45"]

1. d4 d5 2. c4 e6 3. Nc3 c6 4. e4 dxe4 5. Nxe4 Bb4+ 6. Bd2 Qxd4 7. Bxb4 Qxe4+ 8.
Be2 Na6 9. Ba5 f6 10. Qd8+ Kf7 11. O-O-O e5 12. Bd3 Qxg2 13. Ne2 Qxf2 14. Ng3
Nc5 15. Bb4 Qe3+ 16. Kb1 Ne6 17. Qd6 c5 18. Nf5 Qh3 19. Ba3 g6 20. Ng3 Ne7 21.
Bxc5 Nxc5 22. Qxc5 Be6 23. Ne4 Rad8 24. Nd6+ Kg7 25. Nxb7 Rd7 26. Be4 Rc8 27.
Rxd7 Rxc5 28. Rxe7+ Kh6 29. Nxc5 Bxc4 30. b3 Qc8 31. Na4 Qd8 32. Rxa7 Qd4 33.
Bc2 Qxa7 34. bxc4 Qb7+ 35. Bb3 Qxh1+ 36. Kb2 Qxh2+ {White resigns} 0-1

[Event "Team 45 45 League T59"]
[Site "Internet Chess Club"]
[Date "2013.11.24"]
[Round "1"]
[White "Timotheous"]
[Black "draft"]
[Result "1/2-1/2"]
[WhiteElo "1695"]
[BlackElo "1506"]
[Opening "French defense"]
[ECO "C00"]
[Time "13:00:39"]
[TimeControl "2700+45"]

1. e4 e6 2. c3 d5 3. Qc2 c5 4. d3 Nc6 5. Nf3 Bd6 6. Be2 Nf6 7. Bg5 h6 8. Bxf6
Qxf6 9. Nbd2 O-O 10. O-O Bd7 11. Nb3 Ne5 12. Nbd2 Nc6 13. Rad1 Rac8 14. Qb1 b6
15. Nb3 Ne5 16. Nxe5 Bxe5 17. d4 cxd4 18. cxd4 Bb8 19. e5 Qe7 20. Nd2 f5 21. Nf3
b5 22. Ne1 a6 23. Nd3 Ba7 24. Nf4 Be8 25. Rc1 Bf7 26. Rfd1 g5 27. Nh5 Bxh5 28.
Bxh5 g4 29. f3 Qg5 30. fxg4 fxg4 31. Rxc8 Rxc8 32. Qg6+ Qxg6 33. Bxg6 Kg7 34.
Bh5 Rc4 35. Bxg4 Bxd4+ 36. Kf1 Bxe5 37. Bxe6 Rf4+ 38. Ke2 d4 39. h3 Rf6 40. Bd5
Rd6 41. Be4 d3+ 42. Rxd3 Rxd3 43. Kxd3 Bxb2 44. Kc2 Be5 45. Kb3 Bd6 46. Bd3 Kf6
47. Kc3 Ke5 {Game drawn by mutual agreement} 1/2-1/2

[Event "Team 45 45 League T59"]
[Site "Internet Chess Club"]
[Date "2013.11.23"]
[Round "1"]
[White "PaulaR"]
[Black "Bible-Believer"]
[Result "1/2-1/2"]
[WhiteElo "1820"]
[BlackElo "1682"]
[Opening "Sicilian: Kan, 5.Nc3"]
[ECO "B43"]
[Time "14:04:35"]
[TimeControl "2700+45"]

1. e4 c5 2. Nf3 e6 3. d4 cxd4 4. Nxd4 a6 5. Nc3 Qc7 6. Be3 Nf6 7. Bd3 Nc6 8.
Nxc6 dxc6 9. O-O Bd6 10. g3 O-O 11. Re1 e5 12. Bg5 Be7 13. Qd2 Bh3 14. Bxf6 Bxf6
15. Bf1 Rad8 16. Qe3 Bxf1 17. Rxf1 h6 18. h4 Rd4 19. Ne2 Rd7 20. Rad1 Rfd8 21.
Nc3 Rxd1 22. Nxd1 Qa5 23. Nc3 Qb4 24. b3 Qd4 25. Rd1 Qxe3 26. Rxd8+ Bxd8 27.
fxe3 Ba5 28. Na4 b6 29. Nb2 b5 30. c4 h5 31. Nd3 Bd2 32. Nxe5 Bxe3+ 33. Kg2 c5
34. cxb5 axb5 35. a4 bxa4 36. bxa4 Bd4 37. Nc4 Bc3 38. a5 Bxa5 39. Nxa5 g6 40.
Kf3 Kf8 41. Nb7 c4 42. Na5 c3 43. Ke3 Ke7 44. Kd3 Ke6 45. Kxc3 f5 46. exf5+ Kxf5
47. Kd3 Kg4 48. Nc4 Kxg3 49. Ne5 Kxh4 50. Nxg6+ {Game drawn by mutual agreement}
1/2-1/2

[Event "Team 45 45 League T59"]
[Site "Internet Chess Club"]
[Date "2013.11.21"]
[Round "1"]
[White "BotanicalKnight"]
[Black "arnx813"]
[Result "1-0"]
[WhiteElo "1531"]
[BlackElo "1380"]
[Opening "Bishop's opening"]
[ECO "C23"]
[Time "20:19:53"]
[TimeControl "2700+45"]

1. e4 e5 2. Bc4 Be7 3. d4 exd4 4. Nf3 d6 5. c3 dxc3 6. Qb3 Bf6 7. Bxf7+ Kf8 8.
Bxg8 Rxg8 9. Nxc3 Qe7 10. O-O Nd7 11. Nd5 Qd8 12. Nxf6 Nxf6 13. Ng5 Qe7 14. e5
dxe5 15. Bd2 h6 16. Bb4 c5 17. Bxc5 hxg5 18. Bxe7+ Kxe7 19. Rfe1 Kd6 20. Rad1+
Ke7 21. Rxe5+ Kf8 22. Rd8+ Ne8 23. Rexe8# {Black checkmated} 1-0

[Event "Team 45 45 League T59"]
[Site "Internet Chess Club"]
[Date "2013.11.23"]
[Round "1"]
[White "Jjohnston92A"]
[Black "tightfist"]
[Result "0-1"]
[WhiteElo "1370"]
[BlackElo "1623"]
[Opening "French: advance variation"]
[ECO "C02"]
[Time "18:00:41"]
[TimeControl "2700+45"]

1. e4 e6 2. d4 d5 3. e5 c5 4. c3 Nc6 5. Bb5 Bd7 6. Bxc6 Bxc6 7. Nf3 Qb6 8. Be3
Bb5 9. Na3 Ba6 10. Qa4+ Ke7 11. Bg5+ f6 12. exf6+ gxf6 13. Ne5 Qd6 14. Ng4 fxg5
15. Nb5 Qc6 16. c4 dxc4 17. Qxc4 Bxb5 18. Qc2 cxd4 19. Qxc6 bxc6 20. O-O-O Rd8
21. Rhe1 Nf6 22. Ne5 g4 23. g3 Bh6+ 24. Kc2 Rd5 25. b3 Rhd8 26. a4 Rc5+ 27. Kb2
Ba6 28. Nd3 Bxd3 29. Rxd3 e5 30. Ka3 Ke6 31. Kb4 Bf8 32. Ka3 Rc1+ {White
resigns} 0-1

[Event "Team 45 45 League T59"]
[Site "Internet Chess Club"]
[Date "2013.11.25"]
[Round "1"]
[White "kingsrook"]
[Black "Fulmar"]
[Result "1-0"]
[WhiteElo "1273"]
[BlackElo "1138"]
[Opening "QGD: 4.Nf3"]
[ECO "D37"]
[Time "18:01:54"]
[TimeControl "2700+45"]

1. d4 d5 2. c4 e6 3. Nf3 Nf6 4. Nc3 Be7 5. e3 O-O 6. Bd3 c5 7. O-O g6 8. Re1
cxd4 9. exd4 dxc4 10. Bxc4 Nc6 11. a3 b6 12. d5 exd5 13. Nxd5 Bg4 14. h3 Bxf3
15. Qxf3 Nxd5 16. Bxd5 Nd4 17. Qe4 Nf5 18. Bxa8 Nh4 19. Bd5 Qd6 20. Bf4 Qf6 21.
Qe5 Qxe5 22. Bxe5 Re8 23. Rad1 Nf3+ 24. gxf3 {Black resigns} 1-0

[Event "Team 45 45 League T59"]
[Site "Internet Chess Club"]
[Date "2013.11.22"]
[Round "1"]
[White "mongmong"]
[Black "milesotoole"]
[Result "1/2-1/2"]
[WhiteElo "1674"]
[BlackElo "1608"]
[Opening "Old Benoni defense"]
[ECO "A46"]
[Time "20:36:35"]
[TimeControl "2700+45"]

1. d4 Nf6 2. Nf3 c5 3. d5 d6 4. Nc3 e6 5. e4 g6 6. Bb5+ Nbd7 7. dxe6 fxe6 8. a4
a6 9. Bc4 Nb6 10. Ba2 Bg7 11. Bg5 O-O 12. O-O h6 13. Bh4 g5 14. Bg3 d5 15. exd5
Nfxd5 16. Nxd5 exd5 17. a5 Nc4 18. Bxc4 dxc4 19. Qxd8 Rxd8 20. c3 Bg4 21. Rfd1
Bxf3 22. gxf3 Kf7 23. Bc7 Rd3 24. Kf1 Re8 25. Bb6 Re5 26. Re1 Rxe1+ 27. Rxe1
Rxf3 28. Bxc5 Rf5 29. Re7+ Kg6 30. Bb4 Rf7 31. Re4 Rc7 32. Ke2 Kf5 33. Re3 Be5
34. h3 Bf4 35. Re8 Rd7 36. Rc8 Rd2+ 37. Kf3 Rxb2 38. Rxc4 Rd2 39. Rc5+ Kg6 40.
Rc8 Kf5 41. Rf8+ Kg6 42. Re8 Rd7 43. Re6+ Kh5 44. Bf8 Rh7 45. c4 Bc7 46. Bb4
{Game drawn by mutual agreement} 1/2-1/2

[Event "Team 45 45 League T59"]
[Site "Internet Chess Club"]
[Date "2013.11.26"]
[Round "1"]
[White "Bryant-L"]
[Black "pcvan"]
[Result "1-0"]
[WhiteElo "1568"]
[BlackElo "1467"]
[Opening "King's Indian defense, 3.Nc3"]
[ECO "E61"]
[Time "11:00:11"]
[TimeControl "2700+45"]

1. d4 Nf6 2. c4 g6 3. Nc3 Bg7 4. Nf3 d6 5. Bf4 O-O 6. e3 Na6 7. a3 c5 8. Be2 Bd7
9. O-O Nc7 10. b4 b6 11. d5 Nh5 12. Qc2 Nxf4 13. exf4 Ne8 14. Bd3 Nf6 15. f5 e5
16. dxe6 fxe6 17. fxg6 hxg6 18. Bxg6 Bc6 19. Ng5 Qe7 20. Rae1 Ng4 21. Nxe6 Bxc3
22. Qxc3 Qf6 23. Qxf6 Rxf6 24. Bh5 Ne5 25. Nc7 Rc8 26. Nd5 Rf5 27. Ne7+ {Black
resigns} 1-0

[Event "Team 45 45 League T59"]
[Site "Internet Chess Club"]
[Date "2013.11.23"]
[Round "1"]
[White "ChessMaine"]
[Black "QuimCatala"]
[Result "1-0"]
[WhiteElo "1422"]
[BlackElo "1347"]
[Opening "Queen's pawn: stonewall attack"]
[ECO "D00"]
[Time "20:00:28"]
[TimeControl "2700+45"]

1. d4 d5 2. e3 Nf6 3. Bd3 e6 4. Nd2 c5 5. c3 c4 6. Bc2 Nc6 7. f4 a6 8. Ngf3 Ng4
9. Qe2 Bd6 10. O-O Ne7 11. Ne5 Nf6 12. g4 h6 13. Rf3 Bxe5 14. fxe5 Nd7 15. Rh3
Nf8 16. Nf3 Neg6 17. Bd2 f6 18. exf6 gxf6 19. e4 e5 20. Rxh6 Rxh6 21. Bxh6 Bxg4
22. Qg2 Qd7 23. exd5 O-O-O 24. Bxg6 Nxg6 25. d6 Rg8 26. dxe5 fxe5 27. Kh1 Qf5
28. Rf1 Bh3 29. d7+ Qxd7 30. Qe2 Bxf1 31. Qxf1 Qd5 32. Qh3+ Kc7 33. Qf5 Qd1+ 34.
Ng1 Qe1 35. Qf7+ Kc6 36. Qxc4+ Kb6 37. Qxg8 Qe4+ 38. Nf3 Qxf3+ 39. Kg1 Qg4+ 40.
Kh1 Qd1+ 41. Kg2 Nf4+ 42. Bxf4 exf4 43. Qb3+ Qxb3 44. axb3 Kc6 45. Kf3 Kd6 46.
Kxf4 Ke6 47. Ke4 b6 48. h4 a5 49. h5 Kf6 50. Kd5 b5 51. Kc5 b4 52. Kb5 Kg5 53.
c4 Kxh5 54. c5 Kg6 55. c6 {Black resigns} 1-0

[Event "Team 45 45 League T59"]
[Site "Internet Chess Club"]
[Date "2013.11.22"]
[Round "1"]
[White "tamky70"]
[Black "Visin"]
[Result "0-1"]
[WhiteElo "1381"]
[BlackElo "1300"]
[Opening "Scotch gambit"]
[ECO "C44"]
[Time "14:00:21"]
[TimeControl "2700+45"]

1. e4 e5 2. Nf3 Nc6 3. d4 exd4 4. Bc4 h6 5. Nxd4 d6 6. O-O Nf6 7. Nxc6 bxc6 8.
e5 Nd7 9. e6 Ne5 10. exf7+ Kd7 11. Bf4 Nxc4 12. b3 Qf6 13. bxc4 Qxf4 14. Nd2
Qxf7 15. Ne4 Be7 16. Ng3 Re8 17. c5 d5 18. c4 Bxc5 19. cxd5 Kd8 20. dxc6+ Bd6
21. Re1 Rxe1+ 22. Qxe1 Qe6 23. Ne4 Ba6 24. Rd1 Rb8 25. f3 Rb6 26. Qf2 Bb5 27.
Qg3 Rxc6 28. Qxg7 Kc8 29. Qh8+ Kb7 30. a4 Bxa4 31. Rb1+ Rb6 32. Re1 Qg6 33. Qd4
Bc6 34. Nc5+ Bxc5 35. Qxc5 Rb1 36. Kf2 Rxe1 37. Qb4+ Ka8 38. Kxe1 Qd6 39. Qc3 a6
40. Kf2 Bb5 41. h3 Kb7 42. Qe3 c5 43. Qe4+ Kb6 44. f4 Qd4+ 45. Qxd4 cxd4 46. g4
Kc6 47. h4 Kd6 48. g5 hxg5 49. fxg5 Ke6 50. h5 Kf7 51. Ke1 Bd3 52. Kd2 Bf5 53.
Kd1 a5 54. Kc1 a4 55. Kb2 d3 56. Kc3 a3 57. Kb3 d2 {White resigns} 0-1

[Event "Team 45 45 League T59"]
[Site "Internet Chess Club"]
[Date "2013.11.24"]
[Round "1"]
[White "houseofcook"]
[Black "MateMaster"]
[Result "0-1"]
[WhiteElo "1459"]
[BlackElo "1565"]
[Opening "Sicilian: closed"]
[ECO "B23"]
[Time "09:15:36"]
[TimeControl "2700+45"]

1. e4 c5 2. Nc3 e6 3. f4 d5 4. Bb5+ Bd7 5. Bxd7+ Nxd7 6. exd5 exd5 7. Qe2+ Be7
8. Nxd5 Ngf6 9. Nxe7 Qxe7 10. d3 Qxe2+ 11. Nxe2 O-O 12. O-O Rfe8 13. Re1 Nd5 14.
Bd2 N7f6 15. a3 Ng4 16. Nc3 Nde3 17. Bxe3 Nxe3 18. Re2 Nf5 19. Rae1 Rxe2 20.
Rxe2 Nd4 21. Rd2 Re8 22. Kf2 f5 23. Ne2 Ne6 24. g3 g6 25. c3 Nc7 26. d4 cxd4 27.
Nxd4 Nd5 28. Re2 Rc8 29. Re5 Nf6 30. Re7 Ne4+ 31. Kf3 Nd2+ 32. Kf2 Rb8 33. Ke2
Nc4 34. Nb5 a6 35. Nc7 Nxb2 36. Re8+ Rxe8+ 37. Nxe8 Nc4 38. a4 Nb2 39. Nd6 Nxa4
40. Nxb7 Nxc3+ 41. Kd3 Nb5 42. Kc4 Nc7 43. Kc5 Ne6+ 44. Kb6 g5 45. fxg5 Nxg5 46.
Kxa6 Kf7 47. Nc5 Nf3 48. h3 Ng1 49. Nd3 Nxh3 50. Nf4 Nxf4 51. gxf4 h5 {White
resigns} 0-1

[Event "Team 45 45 League T59"]
[Site "Internet Chess Club"]
[Date "2013.11.23"]
[Round "1"]
[White "Elton2013"]
[Black "SirIvanhoe"]
[Result "1-0"]
[WhiteElo "1419"]
[BlackElo "1511"]
[Opening "Caro-Kann: Panov-Botvinnik attack"]
[ECO "B13"]
[Time "19:00:45"]
[TimeControl "2700+45"]

1. e4 c6 2. c4 d5 3. exd5 cxd5 4. d4 Nf6 5. Nc3 Nc6 6. Nf3 e6 7. Bd3 Be7 8. O-O
O-O 9. Be3 b6 10. Qc2 Nb4 11. Qb1 Nxd3 12. Qxd3 Ba6 13. b3 Rc8 14. Nd2 Rc6 15.
Nb5 Bxb5 16. cxb5 Rc7 17. Rac1 Qd7 18. Nf3 Rfc8 19. Ne5 Qe8 20. Nc6 Bd6 21. Rc2
Qd7 22. Rfc1 Ne4 23. f3 Nf6 24. Bg5 Ne8 25. Ne5 Bxe5 26. dxe5 Rxc2 27. Rxc2 Rxc2
28. Qxc2 Qc7 29. Qc6 Kf8 30. f4 h6 31. Bh4 a6 32. Bf2 axb5 33. Qxb5 Qc1+ 34. Qf1
Qc7 35. Qb5 Qc1+ 36. Qf1 Qc7 37. h3 Qc6 38. Qe1 Nc7 39. Qb4+ Kg8 40. Qd6 Qc1+
41. Kh2 Qxf4+ 42. Bg3 Qc1 43. Qxb6 Qc3 44. Bf2 Qc2 45. a4 Qc3 46. a5 g6 47. a6
Nxa6 48. Qxa6 Qxb3 49. Qb6 Qxb6 50. Bxb6 Kf8 51. g4 Ke8 52. Kg3 Kf8 53. Kf3 Kg7
54. Bd8 g5 55. h4 gxh4 56. Bxh4 Kg6 57. Kf4 h5 58. g5 Kg7 59. Bf2 Kg6 60. Bd4
Kg7 61. Kg3 Kh7 62. Kf4 Kg6 63. Be3 h4 64. Kg4 h3 65. Bf4 d4 66. Kxh3 Kf5 67.
Kg3 d3 68. Kf3 d2 69. Bxd2 Kxe5 70. Kg4 Kd6 71. Kf4 Kd5 72. Bc3 Kc4 73. Ke5 Kxc3
74. Kf6 e5 75. Kxe5 {Black resigns} 1-0

[Event "Team 45 45 League T59"]
[Site "Internet Chess Club"]
[Date "2013.11.24"]
[Round "1"]
[White "Gilguli"]
[Black "moodle"]
[Result "1-0"]
[WhiteElo "1416"]
[BlackElo "1500"]
[Opening "Queen's pawn game, Darooha variation "]
[ECO "D02"]
[Time "16:01:16"]
[TimeControl "2700+45"]

1. d4 d5 2. Nf3 Nf6 3. c4 e6 4. cxd5 exd5 5. Nc3 Be7 6. h3 Bf5 7. Qb3 b6 8. Bg5
c6 9. e3 Nbd7 10. Be2 O-O 11. O-O Re8 12. g4 Bg6 13. Nh4 Ne4 14. Bxe7 Qxe7 15.
Nxg6 fxg6 16. Nxe4 Qxe4 17. f3 Qxe3+ 18. Qxe3 Rxe3 19. Kf2 Rae8 20. Rfe1 Nf6 21.
Rac1 R3e6 22. Rc2 Nd7 23. Rec1 R8e7 24. Bd3 c5 25. dxc5 Nxc5 26. Bf1 d4 27. Bc4
Kf8 28. b4 d3 29. Bxe6 dxc2 30. bxc5 Rxe6 31. cxb6 Rd6 32. bxa7 Ra6 33. Rxc2
Rxa7 34. f4 Ke7 35. h4 Ra4 36. Kf3 Kd6 37. Rd2+ Ke6 38. g5 Kf5 39. Rd5+ Ke6 40.
Re5+ Kd6 41. Re2 Ra3+ 42. Kg4 Ra7 43. h5 gxh5+ 44. Kxh5 Ra4 45. f5 Rf4 46. Re6+
Kd7 47. Re5 Kd6 48. Ra5 Ke7 49. g6 h6 50. Ra7+ Kf6 51. Rf7+ Ke5 52. Rxg7 Rxf5+
53. Kxh6 Kf4 54. Rf7 {Black resigns} 1-0

[Event "Team 45 45 League T59"]
[Site "Internet Chess Club"]
[Date "2013.11.24"]
[Round "1"]
[White "Ellison"]
[Black "semperfi"]
[Result "1-0"]
[WhiteElo "1270"]
[BlackElo "1374"]
[Opening "French: Rubinstein variation"]
[ECO "C03"]
[Time "17:30:24"]
[TimeControl "2700+45"]

1. e4 e6 2. d4 d5 3. Nd2 dxe4 4. Nxe4 Nd7 5. Nf3 Ngf6 6. Bd3 Nxe4 7. Bxe4 Nf6 8.
Bg5 Be7 9. Bd3 h6 10. Bxf6 Bxf6 11. O-O Bxd4 12. Nxd4 O-O 13. Re1 Qxd4 14. Bh7+
{Black resigns} 1-0

[Event "Team 45 45 League T59"]
[Site "Internet Chess Club"]
[Date "2013.11.23"]
[Round "1"]
[White "spuzzy"]
[Black "DanMcClintic"]
[Result "0-1"]
[WhiteElo "1694"]
[BlackElo "1714"]
[Opening "Caro-Kann: Panov-Botvinnik attack"]
[ECO "B13"]
[Time "18:00:40"]
[TimeControl "2700+45"]

1. e4 c6 2. d4 d5 3. exd5 cxd5 4. c4 Nc6 5. Nf3 Bf5 6. Bd3 Bxd3 7. Qxd3 e6 8.
Nc3 Nf6 9. cxd5 Nxd5 10. Nxd5 Qxd5 11. O-O Bc5 12. Rd1 Bb6 13. Be3 O-O 14. Ng5
g6 15. Ne4 f5 16. Nc3 Qd7 17. d5 Nb4 18. Qc4 Nc2 19. dxe6 Nxe3 20. fxe3 Bxe3+
21. Kh1 Qc6 22. Qxc6 bxc6 23. Rd6 Rac8 24. Rd7 Rfe8 25. e7 Kf7 26. Re1 f4 27.
Nd1 Bc5 28. a3 a5 29. Re5 Bxe7 30. Rxa5 Red8 31. Raa7 Rxd7 32. Rxd7 Rd8 33. Rxd8
Bxd8 34. Kg1 Ke6 35. Kf2 Kd5 36. Ke2 Kd4 37. Nf2 g5 38. Nd3 Be7 39. Kd2 c5 40.
Ne1 g4 41. Nc2+ Ke4 42. b4 cxb4 43. axb4 f3 44. gxf3+ gxf3 45. b5 Bc5 46. h3 h6
47. b6 Bxb6 48. Na3 Kf4 49. Nc4 Bc5 50. Ke1 Kg3 51. Ne5 Kg2 52. Nxf3 Kxf3 53. h4
h5 54. Kf1 Kg3 55. Ke2 Kg2 56. Ke1 Be7 {White resigns} 0-1

[Event "Team 45 45 League T59"]
[Site "Internet Chess Club"]
[Date "2013.11.23"]
[Round "1"]
[White "Giacometti"]
[Black "Packerfan"]
[Result "0-1"]
[WhiteElo "1662"]
[BlackElo "1796"]
[Opening "Bird: From gambit, Lasker variation"]
[ECO "A02"]
[Time "20:40:08"]
[TimeControl "2700+45"]

1. f4 e5 2. fxe5 d6 3. exd6 Bxd6 4. Nf3 g5 5. g3 g4 6. Nh4 Ne7 7. d4 Ng6 8. Nxg6
hxg6 9. Qd3 Qe7 10. Bg2 Bf5 11. e4 Nc6 12. Be3 Nb4 {White resigns} 0-1

[Event "Team 45 45 League T59"]
[Site "Internet Chess Club"]
[Date "2013.11.26"]
[Round "1"]
[White "tryanything"]
[Black "Blitzkrieg00"]
[Result "0-1"]
[WhiteElo "1549"]
[BlackElo "1547"]
[Opening "Robatsch defense: Geller's system"]
[ECO "B07"]
[Time "19:37:20"]
[TimeControl "2700+45"]

1. e4 d6 2. d4 g6 3. Nf3 Bg7 4. c3 Nf6 5. Bd3 Bg4 6. h3 Bxf3 7. Qxf3 Nbd7 8. Bf4
Nh5 9. Bg5 O-O 10. Nd2 c5 11. g4 Nhf6 12. O-O-O cxd4 13. cxd4 Rc8+ 14. Kb1 Ne8
15. h4 Bxd4 16. Nb3 Bf6 17. Bh6 Bg7 18. Qe3 Nef6 19. Bxg7 Kxg7 20. Qg3 Ne5 21.
h5 Nxd3 22. Rxd3 Nxe4 23. Qe3 Nf6 24. hxg6 fxg6 25. Qh6+ Kg8 26. g5 Nh5 27. Rxh5
gxh5 28. g6 hxg6 29. Qxg6+ Kh8 30. Qxh5+ Kg7 31. Rg3+ Kf6 32. Qg6+ Ke5 33. Rg5+
Kf4 34. Nd4 Qd7 35. Ne2+ Kf3 36. Qh5+ Kxf2 37. Qh2+ Ke3 38. Rg3+ Ke4 39. Qg2+
Ke5 40. Re3+ Kf6 41. Qf2+ Qf5+ 42. Qxf5+ Kxf5 43. Rxe7 Rfe8 44. Rxe8 Rxe8 45.
Nd4+ Ke5 46. Nb5 a6 47. Nc3 Rc8 48. Kc2 d5 49. Kd3 d4 50. Ne2 Rd8 51. a3 b5 52.
Ng3 Rh8 53. Ne2 Rh3+ 54. Kd2 Ke4 {White resigns} 0-1

[Event "Team 45 45 League T59"]
[Site "Internet Chess Club"]
[Date "2013.11.25"]
[Round "1"]
[White "CaptK"]
[Black "PostMike"]
[Result "1-0"]
[WhiteElo "1527"]
[BlackElo "1401"]
[Opening "Queen's pawn game"]
[ECO "A46"]
[Time "14:30:26"]
[TimeControl "2700+45"]

1. d4 Nf6 2. Nf3 c5 3. c3 d5 4. e3 c4 5. b3 b5 6. a4 Bd7 7. axb5 Bxb5 8. bxc4
Bxc4 9. Bxc4 dxc4 10. Nbd2 Qc7 11. Ne5 Nd5 12. Qa4+ Nd7 13. Nxd7 Qxd7 14. Qxc4
Rc8 15. Qa6 Nxc3 16. Qxa7 Rc7 17. Qa8+ Rc8 18. Qf3 e6 19. Ra8 Nd5 20. Rxc8+ Qxc8
21. O-O Bb4 22. Ne4 O-O 23. Ng5 h6 24. Nh3 Bd6 25. e4 Ne7 26. Qg4 Ng6 27. Nf4
Qb8 28. Nxg6 Bxh2+ 29. Kh1 fxg6 30. Qxe6+ Kh7 31. Qd7 Bc7 32. Qh3 Qb6 33. Be3
Rb8 34. g4 Qe6 35. e5 Qd5+ 36. Qg2 Qxg2+ 37. Kxg2 {Black resigns} 1-0

[Event "Team 45 45 League T59"]
[Site "Internet Chess Club"]
[Date "2013.11.22"]
[Round "1"]
[White "Buford-Julep"]
[Black "gcl"]
[Result "0-1"]
[WhiteElo "1705"]
[BlackElo "1666"]
[Opening "QGD: Cambridge Springs defense, Bogolyubov variation"]
[ECO "D52"]
[Time "11:00:48"]
[TimeControl "2700+45"]

1. d4 d5 2. c4 c6 3. Nf3 Nf6 4. Nc3 e6 5. Bg5 Nbd7 6. e3 Qa5 7. Nd2 Bb4 8. Qc2
Ne4 9. Ndxe4 dxe4 10. Bh4 g5 11. Bg3 h5 12. a3 h4 13. Be5 f6 14. Qxe4 fxe5 15.
Qg6+ Kd8 16. Qd3 exd4 17. Qxd4 Bxc3+ 18. bxc3 Qe5 19. Qd3 Kc7 20. O-O-O Nc5 21.
Qc2 Bd7 22. Be2 Rad8 23. Bf3 Be8 24. Rxd8 Kxd8 25. Rd1+ Kc7 26. Qd2 Nb3+ {White
resigns} 0-1

[Event "Team 45 45 League T59"]
[Site "Internet Chess Club"]
[Date "2013.11.24"]
[Round "1"]
[White "Whalen"]
[Black "LazyPeon"]
[Result "1/2-1/2"]
[WhiteElo "1646"]
[BlackElo "1673"]
[Opening "Benkö gambit"]
[ECO "A57"]
[Time "14:00:45"]
[TimeControl "2700+45"]

1. d4 Nf6 2. c4 c5 3. d5 b5 4. Qc2 bxc4 5. e4 d6 6. Bxc4 g6 7. Nf3 Bg7 8. O-O
O-O 9. h3 Nbd7 10. Nc3 a5 11. Bf4 Ne8 12. Rfe1 Ba6 13. Bxa6 Rxa6 14. e5 Nb6 15.
exd6 exd6 16. Qe2 Ra8 17. Rad1 Nf6 18. Qe7 Qxe7 19. Rxe7 Rad8 20. Rb7 Rb8 21.
Rxb8 Rxb8 22. Bxd6 Rc8 23. Ne5 Ne8 24. Ne4 Nxd6 25. Nxd6 Bxe5 26. Nxc8 Nxc8 27.
b3 Nd6 {Game drawn by mutual agreement} 1/2-1/2

[Event "Team 45 45 League T59"]
[Site "Internet Chess Club"]
[Date "2013.11.24"]
[Round "1"]
[White "Invicta-Knight"]
[Black "pauliewoll"]
[Result "0-1"]
[WhiteElo "1498"]
[BlackElo "1612"]
[Opening "Sicilian: Grand Prix attack"]
[ECO "B23"]
[Time "11:00:43"]
[TimeControl "2700+45"]

1. e4 c5 2. Nc3 Nc6 3. f4 g6 4. Nf3 Bg7 5. Bc4 e6 6. O-O Nge7 7. Qe1 O-O 8. a3
d5 9. exd5 exd5 10. Ba2 b6 11. d3 Bb7 12. Qh4 Nf5 13. Qh3 Ncd4 14. Bb1 Nxf3+ 15.
Qxf3 Qd7 16. g4 Bd4+ 17. Kh1 Bxc3 {White resigns} 0-1